 Dungeon Crawl Stone Soup version 0.30-a0-845-g7c6808c8ce (webtiles) character file.

Game seed: 531411860574619582

361 bande the Covered (level 6, 0/38 HPs)
             Began as a Gargoyle Fighter on Mar 2, 2023.
             Was an Initiate of Okawaru.
             Slain by an orc wizard
             ... wielding a +0 dagger
              (3 damage)
             ... on level 5 of the Dungeon.
             The game lasted 00:04:17 (3196 turns).

bande the Covered (Gargoyle Fighter)                Turns: 3196, Time: 00:04:17

Health: 0/38       AC: 18    Str: 19    XL:     6   Next: 66%
Magic:  6/6        EV:  5    Int:  9    God:    Okawaru [......]
Gold:   266        SH:  0    Dex: 11    Spells: 5/5 levels left

rFire   . . .      SeeInvis .    a - +0 war axe
rCold   . . .      Faith    .    c - +0 buckler
rNeg    + . .      Spirit   .    p - +0 plate armour
rPois   ∞          Reflect  .    g - +1 helmet
rElec   +          Rampage  .    (no cloak)
rCorr   .                        (no gloves)
Will    .....                    (no boots) Stlth
                                 (no amulet)
HPRegen 0.26/turn                (no ring)
MPRegen 0.10/turn                (no ring)

@: confused
A: sickness immunity, AC +4, negative energy resistance 1, electricity
resistance, torment resistance 1, petrification resistance
a: Renounce Religion


You were on level 5 of the Dungeon.
You worshipped Okawaru.
Okawaru was noncommittal.
You visited 1 branch of the dungeon, and saw 5 of its levels.

You collected 266 gold pieces.

Inventory:

Hand Weapons
 a - a +0 war axe (weapon)
Armour
 c - a +0 buckler (worn)
 g - a +1 helmet (worn)
 p - a +0 plate armour (worn)
Jewellery
 e - a ring of magical power
Wands
 j - a wand of flame (7)
 m - a wand of mindburst (12)
Scrolls
 b - a scroll of blinking
 l - a scroll of magic mapping
Potions
 d - 2 potions of might
 f - 2 potions of brilliance {unknown}
 h - 3 potions of curing {unknown}
 i - a potion of attraction {unknown}
 k - a potion of flight {unknown}
 n - 2 potions of lignification {unknown}


   Skills:
 + Level 4.1 Fighting
 + Level 4.4 Axes
 + Level 4.4 Armour
 + Level 3.9 Shields
 * Level 0.4 Invocations
 * Level 1.6 Evocations


You had 5 spell levels left.
You didn't know any spells.
Your spell library contained the following spells:

 Spells                   Type           Power      Damage    Failure   Level
 Magic Dart               Conj           0%         1d3       100%        1
 Sandblast                Erth           0%         2d4       100%        1
 Shock                    Conj/Air       0%         1d3       100%        1
 Passwall                 Tmut/Erth      0%         N/A       100%        2
 Poisonous Vapours        Pois/Air       0%         N/A       100%        2
 Searing Ray              Conj           0%         2d4       100%        2
 Mephitic Cloud           Conj/Pois/Air  0%         N/A       100%        3
 Portal Projectile        Hex/Tloc       0%         N/A       100%        3
 Stone Arrow              Conj/Erth      0%         3d7       100%        3
 Swiftness                Air            0%         N/A       100%        3
 Airstrike                Air            0%         2d(0-16)  100%        4
 Fulminant Prism          Conj/Hex       0%         3d5       100%        4
 Leda's Liquefaction      Hex/Erth       0%         N/A       100%        4
 Cigotuvi's Dreadful Rot  Necr/Pois/Air  Unusable   N/A       N/A         2
 Call Canine Familiar     Summ           Unusable   N/A       N/A         3

Dungeon Overview and Level Annotations

Branches:
Dungeon (5/15)
 Temple: D:4-7

Altars:
Makhleb
Okawaru
Sif Muna
The Shining One

Shops:
D:1 !


Innate Abilities, Weirdness & Mutations

You are immune to sickness and miasma.
Your stone body is resilient. (AC +4)
You are immune to poison.
You resist negative energy. (rN+)
You are resistant to electric shocks. (rElec)
You are resistant to unholy torment.
You are immune to petrification.


Message History

The orc warrior hits you with a +0 trident!
The scorpion stings you but does no damage.
You barely miss the orc wizard. You barely miss the orc warrior.
You hit the scorpion but do no damage.
The scorpion stings you but does no damage.
The orc warrior hits you but does no damage.
You miss the orc wizard. x2; You barely miss the orc warrior.
You hit the scorpion but do no damage.
The scorpion stings you but does no damage.
The orc wizard hits you but does no damage.
The orc warrior hits you but does no damage.
The orc wizard gestures wildly while chanting.
The orc wizard flickers and vanishes!
Deactivating autopickup; reactivate with Ctrl-A.
An orc comes into view. It is wielding a +0 mace.
The scorpion stings you.
The orc shouts!
You completely miss the scorpion. You miss the orc wizard.
You barely miss the orc warrior. You hit something. You hit the orc.
The orc wizard hits you but does no damage.
The orc warrior hits you with a +0 trident!
* * * LOW HITPOINT WARNING * * *
You hear some strange, mumbled words.
A puff of flame appears from out of thin air!
The puff of flame hits you but does no damage.
The orc barely misses you. The scorpion barely misses you.
The orc warrior hits you with a +0 trident!
* * * LOW HITPOINT WARNING * * *
The orc wizard completely misses you. The orc hits you but does no damage.
Something hits you but does no damage.
You hit the scorpion.
The scorpion is lightly wounded.
You slash the orc!
You kill the orc!
Okawaru accepts your kill.
You closely miss the orc wizard. You barely miss the orc warrior.
You miss something.
The scorpion stings you but does no damage.
The orc wizard hits you with a +0 dagger.
You die...

...
#..........
....
#........#
#..###..#...<#
#...#..##....#
#.#.......#.##
##......####.#
......$.# #.#
....###o####.#
<## #@{.......
#.)os.......
###.........
#.........
#.........
###..####. #..
###


You could see an orc warrior, a scorpion and an orc wizard.

Vanquished Creatures
  A phantom (D:4)
  A scorpion (D:4)
  A hound (D:4)
  Ijyb (D:4)
  An orc wizard (D:3)
  5 adders
  A gnoll (D:4)
  A worm (D:2)
  2 dart slugs
  6 orcs
  A ball python (D:1)
  6 endoplasms
  5 giant cockroaches
  11 hobgoblins
  9 jackals (D:2)
  6 kobolds
  3 quokkas
  2 bats
  2 frilled lizards
  7 goblins
  8 rats
80 creatures vanquished.

Notes
Turn   | Place    | Note
-------+----------+-------------------------------------------
     0 | D:1      | bande the Gargoyle Fighter began the quest for the Orb.
     0 | D:1      | Reached XP level 1. HP: 14/14 MP: 1/1
    75 | D:1      | Reached XP level 2. HP: 16/19 MP: 2/2
   347 | D:1      | Reached XP level 3. HP: 22/23 MP: 3/3
   598 | D:1      | Found Higuwy's Distillery.
  1115 | D:2      | Found a faded altar of an unknown god.
  1496 | D:3      | Reached XP level 4. HP: 24/28 MP: 4/4
  1741 | D:3      | Found a glowing golden altar of the Shining One.
  1748 | D:3      | Found a burning altar of Makhleb.
  2098 | D:3      | Identified the +4 spear "Kosairi" {freeze, rF+ Stlth+}
  2303 | D:4      | Found a shimmering blue altar of Sif Muna.
  2372 | D:4      | Reached XP level 5. HP: 30/33 MP: 5/5
  2388 | D:4      | Noticed a phantom
  2417 | D:4      | Killed a phantom
  2418 | D:4      | Reached skill level 1 in Evocations
  2423 | D:4      | Noticed Ijyb
  2446 | D:4      | Killed Ijyb
  2447 | D:4      | Reached XP level 6. HP: 16/38 MP: 6/6
  2855 | D:4      | Found an iron altar of Okawaru.
  2878 | D:4      | Became a worshipper of Warmaster Okawaru
  3182 | D:5      | Entered Level 5 of the Dungeon
  3187 | D:5      | Noticed an orc warrior
  3196 | D:5      | Slain by an orc wizard

Illustrated notes

Levels and vault maps discovered:
D:1:      matt_arrival_spirals, layout_loops_ring, serial_shops,
          nicolae_shop_window_shopping
D:2:      layout_loops_ring, ebering_ecumenical_altar_sacrificial
D:3:      layout_loops_cross, mainiacjoe_overflow_large_starburst,
          kennysheep_generic_room_11
D:4:      cheibrodos_barr_body, layout_basic, amcnicky_altar_gilded,
          nicolae_sif_muna_condensation, minmay_misc_feat_secret_circle,
          nicolae_concentric_dashed_squares_wild, uniq_ijyb
D:5:      layout_rooms, mainiacjoe_overflow_divided_tiny,
          ebering_ghost_reflecting_pool, grunt_decor_arrowhead,
          grunt_ministairs_7

Skill      XL: |  1  2  3  4  5 |
---------------+----------------+-----
Axes           | 2 3 4 |  4.4
Armour         | 4 |  4.4
Fighting       | 4 |  4.1
Evocations     | 1 |  1.6
Shields        | |  3.9
Invocations    | |  0.4

Action                     |  1- 3 |  4- 6 || total
---------------------------+-------+-------++-------
  Melee: War axe           |   114 |   122 ||   236
    Use: Scroll            |       |     8 ||     8
 Armour: Scale mail        |    71 |    21 ||    92
         Plate armour      |       |   111 ||   111
  Dodge: Dodged            |    56 |    48 ||   104
  Block: Buckler           |    20 |    29 ||    49

Table legend: (Time is in decaauts)
 A = Elapsed time spent in this place.
 B = Non-inter-level travel time spent in this place.
 C = Inter-level travel time spent in this place.
 D = Time resting spent in this place.
 E = Time spent auto-exploring this place.
 F = Levels seen in this place.
 G = Mean time per level.
                   A        B        C        D        E       F      G
               +--------+--------+--------+--------+--------+-----+--------+
         Total |   3286 |   3197 |     89 |    183 |   2364 |   5 |  657.2 |
       Dungeon |   3286 |   3197 |     89 |    183 |   2364 |   5 |  657.2 |
               +--------+--------+--------+--------+--------+-----+--------+

Top non-repeatable levels by time:
     D:4: 967 daAuts
     D:1: 804 daAuts
     D:3: 778 daAuts
     D:2: 721 daAuts
     D:5: 14 daAuts
